Map: Prion Terraces

Players

NightEnD

  • Race: Protoss Protoss
  • League: Grandmaster

LiquidTLO (TLO) - Winner!

  • Race: Zerg Zerg
  • League: Grandmaster

Event: Homestory Cup XII

VOD

Have the link to the VOD?

Description

Time

  • Played on: Dec. 17, 2015, 4:45 p.m.
  • Length: 10:29

All games in this series

Show
View Real Time Build Order
Export as new Build Order

NightEnD Protoss 

Build Orders: 1 Gate Expand 

Get SALT Encoding   

  12  0:01  Probe (Chrono Boost)  
  13  0:11  Probe (Chrono Boost)  
  14  0:17  Pylon  
  14  0:22  Probe (Chrono Boost)  
  15  0:36  Probe (Chrono Boost)  
  16  0:46  Probe (Chrono Boost)  
  17  0:54  Gateway  
  18  0:57  Probe (Chrono Boost)  
  18  0:58  Assimilator  
  18  1:07  Probe (Chrono Boost)  
  19  1:18  Probe (Chrono Boost)  
  20  1:23  Nexus  
  20  1:30  Probe (Chrono Boost)  
  21  1:36  Gateway  
  21  1:41  Probe (Chrono Boost)  
  22  1:52  Cybernetics Core  
  22  1:59  Pylon  
  22  2:02  Assimilator  
  22  2:05  Probe (Chrono Boost)  
  23  2:17  Probe (Chrono Boost)  
  24  2:28  Probe (Chrono Boost)  
  24  2:29  Adept x2 (Chrono Boost), Warp Gate  
  29  2:35  Probe (Chrono Boost)  
  30  2:38  Probe (Chrono Boost)  
  31  2:47  Probe (Chrono Boost)  
  31  2:50  Probe (Chrono Boost)  
  33  2:55  Robotics Facility  
  33  2:59  Probe (Chrono Boost)  
  33  3:02  Probe (Chrono Boost)  
  35  3:09  Probe (Chrono Boost)  
  38  3:13  Mothership Core (Chrono Boost)  
  39  3:20  Probe (Chrono Boost)  
  39  3:30  Probe (Chrono Boost)  
  39  3:31  Probe (Chrono Boost)  
  41  3:41  Probe x2 (Chrono Boost)  
  38  3:45  Gateway  
  38  3:46  Gateway  
  39  3:49  Robotics Bay  
  39  3:51  Probe (Chrono Boost), Pylon  
  39  3:52  Probe (Chrono Boost)  
  39  3:53  Assimilator  
  41  3:56  Adept  
  41  3:58  Assimilator  
  41  4:02  Probe x2 (Chrono Boost)  
  45  4:09  Warp Prism (Chrono Boost)  
  47  4:11  Probe (Chrono Boost)  
  47  4:13  Probe (Chrono Boost)  
  47  4:15  Pylon  
  49  4:21  Probe  
  50  4:27  Probe  
  51  4:38  Twilight Council, Adept x2  
  55  4:41  Probe, Disruptor (Chrono Boost)  
  55  4:42  Pylon  
  55  4:44  Gravitic Drive  
  55  4:45  Probe  
  60  4:56  Probe  
  60  4:57  Probe  
  62  5:02  Adept  
  62  5:03  Adept  
  66  5:13  Probe  
  66  5:18  Probe  
  67  5:26  Nexus  
  63  5:29  Pylon  
  63  5:31  Pylon  
  63  5:32  Adept, Pylon  
  63  5:33  Adept x2  
  69  5:47  Disruptor (Chrono Boost)  
  72  5:53  Adept x3  
  72  5:56  Adept  
  74  6:00  Blink (Chrono Boost)  
  74  6:14  Stalker x3  
  74  6:15  Probe  
  84  6:26  Disruptor (Chrono Boost)  
  84  6:27  Adept  
  78  6:37  Pylon  
  78  6:39  Pylon x2  
  75  6:45  Adept x3  
  77  6:52  Stalker  
  73  6:59  Mothership Core  
  68  7:10  Stalker x3  
  77  7:19  Warp Prism (Chrono Boost)  
  77  7:20  Stalker  
  78  7:36  Stalker x2  
  82  7:37  Stalker  
  82  7:40  Nexus  
  82  7:42  Pylon  
  82  7:43  Pylon  
  84  7:46  Pylon  
  84  7:47  Stalker  
  84  7:49  Disruptor  
  89  8:01  Stalker  
  89  8:02  Stalker x2  
  95  8:08  Nexus  
  95  8:10  Stalker  
  96  8:21  Gateway  
  96  8:24  Gateway  
  99  8:38  Stalker x4  
  104  8:44  Observer  
  101  9:01  Adept  
  101  9:02  Adept x3  
  109  9:05  Pylon  
  109  9:07  Pylon  
  99  9:27  Adept x4  
  72  9:48  Stalker x3  
  72  9:49  Stalker x3  
Show
View Real Time Build Order
Export as new Build Order

LiquidTLO Zerg - Winner!

Build Orders: 3 Hatch before Pool, Lurkers 

Get SALT Encoding   

  12  0:00  Drone  
  13  0:12  Overlord  
  13  0:17  Drone  
  14  0:31  Drone x2  
  14  0:35  Drone  
  17  0:52  Hatchery  
  17  0:56  Drone  
  17  1:01  Drone  
  18  1:19  Hatchery  
  18  1:23  Drone  
  18  1:34  Spawning Pool  
  18  1:38  Drone  
  18  1:40  Drone  
  18  1:43  Drone  
  20  1:50  Drone  
  21  2:01  Drone  
  22  2:08  Drone  
  23  2:11  Drone  
  24  2:20  Queen x2  
  28  2:30  Queen  
  28  2:31  Extractor  
  28  2:32  Zergling x2  
  28  2:33  Overlord  
  28  2:36  Drone  
  31  2:39  Drone  
  31  2:40  Drone  
  31  2:44  Zergling x2  
  34  2:45  Overlord  
  34  2:52  Drone  
  34  2:54  Overlord  
  34  2:55  Drone  
  34  2:56  Drone  
  34  2:57  Drone  
  38  3:01  Queen  
  38  3:05  Drone  
  41  3:09  Queen  
  41  3:11  Zergling x2  
  44  3:12  Zergling x2  
  44  3:14  Zergling x2  
  44  3:15  Zergling x2  
  47  3:20  Zergling x2  
  47  3:25  Roach Warren  
  47  3:26  Drone x2  
  48  3:27  Drone  
  48  3:29  Drone  
  48  3:36  Drone x3  
  48  3:39  Drone  
  48  3:40  Drone  
  50  3:44  Metabolic Boost  
  50  3:46  Drone  
  50  3:47  Drone  
  52  3:50  Drone  
  52  3:53  Spore Crawler  
  52  3:55  Drone, Extractor  
  52  3:58  Overlord  
  52  4:01  Drone x2  
  52  4:02  Drone  
  55  4:03  Drone  
  55  4:07  Spore Crawler  
  55  4:08  Drone  
  56  4:10  Drone, Overlord  
  56  4:12  Drone  
  56  4:15  Overlord  
  58  4:17  Overlord  
  58  4:21  Lair  
  58  4:25  Extractor  
  58  4:26  Extractor  
  56  4:31  Roach x2  
  56  4:32  Drone x2, Roach  
  56  4:34  Roach  
  66  4:41  Drone  
  66  4:44  Drone x2  
  66  4:45  Roach x2  
  73  4:46  Overlord  
  73  4:48  Drone x3  
  76  4:53  Spore Crawler  
  76  4:54  Extractor  
  76  4:55  Overlord  
  76  4:59  Drone x2  
  76  5:00  Extractor  
  76  5:01  Drone  
  76  5:07  Roach x2  
  79  5:09  Ravager x2  
  81  5:14  Drone  
  81  5:17  Roach  
  81  5:18  Roach  
  86  5:21  Drone x2  
  86  5:22  Ravager  
  86  5:23  Drone x3  
  86  5:25  Drone x2  
  86  5:26  Drone x2  
  92  5:30  Glial Reconstitution  
  92  5:33  Drone x2  
  94  5:38  Ravager  
  94  5:41  Roach x4  
  102  5:45  Roach  
  102  5:46  Roach  
  101  5:50  Roach  
  101  5:51  Roach  
  101  5:56  Overlord x2  
  104  6:02  Ravager x2  
  106  6:04  Overlord  
  106  6:09  Hatchery  
  105  6:15  Roach  
  105  6:16  Roach x2  
  105  6:17  Hydralisk Den  
  110  6:20  Roach x2  
  110  6:23  Roach  
  110  6:25  Roach  
  116  6:26  Roach  
  116  6:29  Roach  
  116  6:31  Roach x2  
  116  6:32  Roach  
  121  6:34  Roach  
  123  6:40  Roach  
  123  6:41  Roach  
  123  6:42  Roach  
  123  6:45  Roach  
  125  6:48  Roach  
  125  6:49  Roach x3  
  125  6:53  Roach  
  127  6:55  Roach  
  129  7:01  Lurker Den  
  129  7:06  Spire  
  128  7:14  Zergling x2  
  118  7:18  Hydralisk x6  
  118  7:20  Drone  
  118  7:21  Drone  
  125  7:24  Drone  
  125  7:27  Drone  
  127  7:33  Drone  
  127  7:34  Drone x5  
  127  7:36  Evolution Chamber x2  
  131  7:43  Drone x2  
  133  7:44  Extractor  
  133  7:46  Extractor  
  131  7:58  Hatchery  
  131  8:02  Overlord  
  131  8:03  Overlord x4  
  127  8:13  Zerg Ground Armor Level 1  
  127  8:15  Zerg Missile Weapons Level 1  
  127  8:16  Overlord  
  127  8:18  Drone  
  124  8:22  Mutalisk x5  
  124  8:26  Drone  
  135  8:27  Drone  
  135  8:30  Lurker x4  
  135  8:32  Zergling x2  
  135  8:33  Zergling x4  
  143  8:41  Lurker x2  
  143  8:43  Drone  
  143  8:44  Drone  
  143  8:45  Drone  
  143  8:46  Roach  
  143  8:47  Roach  
  151  8:53  Hydralisk x2  
  151  8:54  Hydralisk x2  
  159  8:56  Roach, Zergling x2  
  159  9:00  Roach  
  159  9:01  Roach  
  166  9:04  Roach x2  
  166  9:05  Roach  
  169  9:13  Roach  
  169  9:14  Hydralisk  
  165  9:18  Hydralisk x2  
  165  9:23  Hydralisk x2, Roach x2  
  165  9:24  Hydralisk x2  
  162  9:27  Hydralisk  
  162  9:29  Hydralisk  
  159  9:33  Roach x2  
  159  9:35  Roach  
  159  9:36  Roach  
  159  9:38  Hydralisk  
  145  9:39  Roach  
  145  9:43  Zergling x4  
  145  9:44  Zergling x4  
  145  9:45  Zergling x2  
  143  9:46  Zergling x4  
  143  9:47  Zergling x2  
  143  9:50  Hydralisk x2  
  138  9:53  Roach  
  138  9:54  Roach  
  138  9:55  Roach  
  138  9:56  Roach  
  138  9:58  Roach  
  138  10:00  Zergling x4  
  138  10:01  Zergling x2  
  138  10:02  Zergling x2  
  138  10:03  Zergling x2  
  138  10:05  Zergling x2  
Tags
 
Add a new tag
Caveats
  • Supply blocks, unpowered buildings, or Contaminate may cause inaccurate times.
  • Supply counts are checked every 10 seconds.